 Dungeon Crawl Stone Soup version 0.27-a0-1006-g1fd4cec11e (console) character file.

Game seed: 13334003926573639174

249 jejorda2 the Poker (level 6, -8/73 HPs)
             Began as a Merfolk Berserker on Apr 17, 2021.
             Was a Priest of Trog.
             Killed by divine providence
             ... invoked by an orc priest
              (12 damage)
             ... on level 4 of the Dungeon.
             The game lasted 00:04:48 (2853 turns).

jejorda2 the Poker (Merfolk Berserker)              Turns: 2853, Time: 00:04:48

Health: -8/73      AC: 23    Str: 16 (19) XL:     6   Next: 12%
Magic:  6/6        EV:  2    Int:  3 (6)  God:    Trog [***...]
Gold:   116        SH:  0    Dex: 13 (14) Spells: 5/5 levels left

rFire    . . .     SeeInvis .   a - +0 spear
rCold    . . .     Faith    .   (no shield)
rNeg     + + +     Spirit   .   (armour currently unavailable)
rPois    +         Reflect  .   (helmet currently unavailable)
rElec    .         Harm     .   (cloak currently unavailable)
rCorr    .         Rampage  .   (gloves currently unavailable)
Will     ++...     NoTele   +   (boots currently unavailable)
Stlth    +.........             (no amulet)
HPRegen  1.22/turn              (no ring)
MPRegen  0.10/turn              (no ring)

@: tree-form, on berserk cooldown, regenerating, slowed, very slow
A: stationary, stasis, torment immunity, boosted hp, (nimble swimmer 2),
(mertail)
a: Renounce Religion, Berserk, Trog's Hand


You were on level 4 of the Dungeon.
You worshipped Trog.
Trog was most pleased with you.
You were a tree.
You visited 1 branch of the dungeon, and saw 4 of its levels.

You collected 116 gold pieces.

Inventory:

Hand Weapons
 a - a +0 spear (weapon)
Missiles
 i - 17 poisoned darts (quivered)
Armour
 h - a +3 leather armour (melded)
Scrolls
 c - 3 scrolls of enchant armour {unknown}
 d - a scroll of torment {unknown}
 e - 3 scrolls of identify {unknown}
 g - a scroll of fog {unknown}
 j - a scroll of immolation {unknown}
 k - a scroll of teleportation {unknown}
 m - a scroll of amnesia {unknown}
Potions
 b - a potion of haste {unknown}
 f - a potion of heal wounds {unknown}
 l - a potion of degeneration
 n - a potion of might {unknown}


   Skills:
 + Level 4.6 Fighting
 * Level 7.5 Polearms
 + Level 2.5 Armour
 - Level 2.6 Dodging


You had 5 spell levels left.
You didn't know any spells.
Your spell library was empty.

Dungeon Overview and Level Annotations

Branches:
Dungeon (4/15)
 Temple: D:4-7

Altars:


Innate Abilities, Weirdness & Mutations

You are a tree.
Your roots penetrate the ground, keeping you stationary.
You cannot be teleported.
You are immune to unholy pain and torment.
Your maximum health is greatly increased.
Your equipment is partially melded.
((You are quick and stealthy near water. (Stealth+, EV+, Speed+++)))
((Your lower body shifts to a powerful aquatic tail in water.))


Message History

You are exhausted.
You feel yourself slow down.
An orc priest comes into view. It is wielding a +0 war axe.
You reach to attack!
You hit the orc priest but do no damage.
The orc priest is moderately wounded.
The orc priest mumbles some strange prayers to Beogh against you.
Beogh smites you!
You are too injured to fight recklessly!
You are too injured to fight recklessly!
Your skin crawls.
You feel strong-willed. The hobgoblin closely misses you.
The orc priest hits you with a +0 flail.
You hit the orc priest but do no damage.
The orc priest is moderately wounded.
The hobgoblin barely misses you. The orc priest barely misses you.
Items here: ) †.
You barely miss the orc priest.
The orc priest is moderately wounded.
The orc priest hits you with a +0 flail!
* * * LOW HITPOINT WARNING * * *
The hobgoblin completely misses you.
Unknown command.
It was a potion of degeneration.
There was something very wrong with that liquid.
You feel weakened.
You feel dopey.
You feel clumsy.
The orc priest hits you but does no damage.
The hobgoblin hits you.
* * * LOW HITPOINT WARNING * * *
The hobgoblin hits you.
* * * LOW HITPOINT WARNING * * *
The orc priest closely misses you.
It was a potion of lignification.
You turn into a tree.
Your +3 leather armour melds into your body.
Your roots penetrate the ground.
The orc priest mumbles some strange prayers to Beogh against you.
Beogh smites you!
You die...

#...# #...# #÷..#
#### #)..# #..
#...### #.# #.....#
#.# #...#.# #)#
#...#.## #)# .
#...#..###♣# g.
#.####...og#####.g.
#.# ####.o........
#.# #...##....# #.#
###)()#..)## #.#
#.......g.# #.#
#...........# ##.#
#........#### #..#
#.......##


You could see 2 orc priests and a hobgoblin.

Vanquished Creatures
  2 orc priests (D:4)
  A centaur skeleton (D:3)
  4 gnolls (D:4)
  5 adders
  2 worms (D:2)
  2 dart slugs
  2 orcs (D:4)
  5 endoplasms
  4 giant cockroaches
  7 goblins
  5 hobgoblins
  4 jackals
  3 kobolds
  A quokka (D:1)
  6 ball pythons
  10 bats
  3 frilled lizards
  A jackal skeleton (D:2)
  4 rats
71 creatures vanquished.

Notes
Turn   | Place    | Note
-------+----------+-------------------------------------------
     0 | D:1      | jejorda2 the Merfolk Berserker began the quest for the Orb.
     0 | D:1      | Reached XP level 1. HP: 18/18 MP: 1/1
   194 | D:1      | Reached XP level 2. HP: 24/24 MP: 2/2
   265 | D:1      | Reached skill level 5 in Polearms
   458 | D:1      | Reached XP level 3. HP: 28/29 MP: 3/3
   588 | D:1      | Reached ** piety under Trog
  1033 | D:2      | Reached XP level 4. HP: 37/37 MP: 4/4
  1093 | D:2      | Reached skill level 6 in Polearms
  1660 | D:2      | Found a faded altar of an unknown god.
  1800 | D:3      | Reached *** piety under Trog
  1801 | D:3      | Reached XP level 5. HP: 36/42 MP: 5/5
  2752 | D:4      | Reached skill level 7 in Polearms
  2837 | D:4      | Reached XP level 6. HP: 49/49 MP: 6/6
  2852 | D:4      | HP: 1/49 [hobgoblin (5)]
  2853 | D:4      | Killed from afar by an orc priest

Illustrated notes

Levels and vault maps discovered:
D:1:      scummos_arrival_checkerplants, layout_rooms
D:2:      layout_loops_cross, basic_ecumenical_altar,
          minmay_misc_feat_four_crosses
D:3:      layout_loops_ring
D:4:      layout_rooms

Skill      XL: |  1  2  3  4  5 |
---------------+----------------+-----
Polearms       | 5 6 7 |  7.5
Armour         | 2 |  2.5
Fighting       | 4 |  4.6
Dodging        | |  2.6

Action                   |  1- 3 |  4- 6 || total
-------------------------+-------+-------++-------
Melee: Spear             |   119 |   120 ||   239
Throw: Dart              |       |     1 ||     1
Invok: Berserk           |     1 |     3 ||     4
       Trog's Hand       |       |     1 ||     1
  Use: Potion            |       |     2 ||     2
 Stab: Sleeping          |       |     3 ||     3
Armor: Animal skin       |    13 |       ||    13
       Leather armour    |    11 |    25 ||    36
Dodge: Dodged            |    52 |    48 ||   100

Table legend: (Time is in decaauts)
 A = Elapsed time spent in this place.
 B = Non-inter-level travel time spent in this place.
 C = Inter-level travel time spent in this place.
 D = Time resting spent in this place.
 E = Time spent auto-exploring this place.
 F = Levels seen in this place.
 G = Mean time per level.
                   A        B        C        D        E       F      G
               +--------+--------+--------+--------+--------+-----+--------+
         Total |   2832 |   2722 |    110 |    336 |   1972 |   4 |  708.0 |
       Dungeon |   2832 |   2722 |    110 |    336 |   1972 |   4 |  708.0 |
               +--------+--------+--------+--------+--------+-----+--------+

Top non-repeatable levels by time:
     D:1: 863 daAuts
     D:2: 820 daAuts
     D:3: 736 daAuts
     D:4: 412 daAuts
